 Dungeon Crawl Stone Soup version 0.29.1-2-gbd0b4ee654 (webtiles) character file.

Game seed: 11794020918860297697

2177 H0rd4k the Twirler (level 9, -3/62 HPs)
             Began as an Octopode Artificer on Nov 28, 2022.
             Was an Initiate of Gozag.
             Slain by an orc warrior
             ... wielding a +0 broad axe
              (25 damage)
             ... in a bailey.
             The game lasted 00:13:52 (8766 turns).

H0rd4k the Twirler (Octopode Artificer)             Turns: 8766, Time: 00:13:53

Health: -3/62      AC:  1    Str: 11    XL:     9   Next: 32%
Magic:  0/16       EV: 13    Int: 21    God:    Gozag
Gold:   566        SH:  0    Dex: 12    Spells: 17/17 levels left

rFire   . . .      SeeInvis .   H - +9 quarterstaff of Toysauhu {speed, Int+3}
rCold   . . .      Faith    .   (shield currently unavailable)
rNeg    . . .      Spirit   +   (helmet restricted)
rPois   .          Reflect  .   w - amulet of guardian spirit
rElec   .          Harm     .   (no ring)
rCorr   .          Rampage  .   (no ring)
Will    .....                   (no ring)
Stlth   +++.......              (no ring)
HPRegen 0.20/turn               (no ring)
MPRegen 0.15/turn               (no ring)
                                (no ring)
                                (no ring)

@: marked
A: almost no armour, amphibious, 8 rings, camouflage 1, gelatinous body 1,
(nimble swimmer 1), tentacles
a: Renounce Religion, Potion Petition, Call Merchant, Bribe Branch


You were in a bailey.
You worshipped Gozag.
Gozag was pleased with you.
You visited 2 branches of the dungeon, and saw 8 of its levels.
You also visited: Sewer, Ossuary and Bailey.

You collected 652 gold pieces.
You paid 86 gold pieces to Gozag.

Inventory:

Hand Weapons
 u - a +2 dagger of venom
 E - a +2 dagger of venom
 H - the +9 quarterstaff of Toysauhu (weapon) {speed, Int+3}
   (You found it on level 4 of the Dungeon)

   Attacks with this weapon are significantly faster.
   Int:       It affects your intelligence (+3).
Missiles
 n - 5 boomerangs of dispersal
 v - a throwing net
 y - 9 poisoned darts (quivered)
Magical Staves
 x - a staff of air
Jewellery
 w - an amulet of guardian spirit (around mantle)
 G - an amulet of faith
 I - a ring of fire
Wands
 c - a wand of charming (1)
 O - a wand of mindburst (7)
Scrolls
 a - 3 scrolls of identify {unknown}
 b - a scroll of poison {unknown}
 e - 2 scrolls of noise {unknown}
 g - 2 scrolls of brand weapon {unknown}
 i - 2 scrolls of enchant weapon {unknown}
 l - 2 scrolls of summoning {unknown}
 p - a scroll of acquirement {unknown}
 q - a scroll of blinking {unknown}
 r - 3 scrolls of amnesia {unknown}
 A - 8 scrolls of teleportation {unknown}
 C - a scroll of fear {unknown}
 D - a scroll of immolation {unknown}
 M - a scroll of vulnerability {unknown}
 N - 2 scrolls of enchant armour {unknown}
Potions
 d - a potion of invisibility {unknown}
 f - 4 potions of mutation {unknown}
 h - 2 potions of resistance {unknown}
 j - 6 potions of heal wounds {unknown}
 k - a potion of ambrosia {unknown}
 m - 4 potions of magic {unknown}
 o - 2 potions of degeneration {unknown}
 s - 3 potions of haste {unknown}
 t - 5 potions of flight
 z - 2 potions of curing {unknown}
 B - a potion of might {unknown}
 F - a potion of cancellation {unknown}
 J - a potion of lignification {unknown}
 K - a potion of attraction {unknown}
 L - a potion of brilliance {unknown}


   Skills:
 * Level 6.1 Fighting
 + Level 6.8 Staves
 + Level 0.5 Throwing
 - Level 2.3 Dodging
 - Level 1.3 Stealth
 + Level 5.2 Unarmed Combat
 * Level 4.7 Spellcasting
 - Level 3.2 Evocations


You had 17 spell levels left.
You didn't know any spells.
Your spell library contained the following spells:

 Spells                   Type           Power      Damage    Failure   Level
 Apportation              Tloc           8%         N/A       11%         1
 Necrotise                Necr           16%        1d4       11%         1
 Sting                    Tmut/Pois      16%        1d3       11%         1
 Summon Small Mammal      Summ           16%        N/A       11%         1
 Poisonous Vapours        Pois/Air       8%         N/A       17%         2
 Stone Arrow              Conj/Erth      8%         3d7       32%         3
 Summon Guardian Golem    Hex/Summ       4%         N/A       32%         3
 Olgreb's Toxic Radiance  Pois           4%         N/A       73%         4
 Orb of Destruction       Conj           2%         9d5       100%        7
 Spellforged Servitor     Conj/Summ      2%         N/A       100%        7
 Lehudib's Crystal Spear  Conj/Erth      2%         10d2      100%        8
 Animate Armour           Summ/Erth      Unusable   N/A       N/A         4

Dungeon Overview and Level Annotations

Branches:
Dungeon (7/15)             Temple (1/1) D:6           Sewer (visited)
Ossuary (visited)          Bailey (1/1)

Altars:
Ashenzari
Dithmenos
Gozag
Kikubaaqudgha
Uskayaw
Vehumet
Xom
Yredelemnul

Shops:
D:6 (

Annotations:
D:1 exclusion: 2 downstairs
D:2 Ijyb, Robin
D:5 1 runed translucent door, exclusion: door, yodak's ghost, novice MiBe


Innate Abilities, Weirdness & Mutations

You cannot wear most types of armour.
You are amphibious.
You can wear up to eight rings at the same time.
Your skin changes colour to match your surroundings (Stealth+).
Your rubbery body absorbs attacks. (AC +1, EV +1)
((You are camouflaged when in or above water. (Stealth+)))
You have tentacles for arms and can constrict up to eight enemies at once.


Message History

Things that are here:
a +0 war axe; a +0 plate armour An orc knight is nearby!
An orc knight is nearby!
An orc knight is nearby!
Aiming: Mindburst
Press: ? - help, Shift-Dir - straight line, f - orc knight
Aim: an orc knight, wielding a +0 war axe and wearing a +0 scale mail (chance to affect: 62%)
The orc knight's mind is blasted!!
Unknown command.
You sock the orc knight! You grab the orc knight.
The orc knight is heavily wounded.
You constrict the orc knight.
The orc knight hits you with a +0 war axe!!
You sock the orc knight!
The orc knight is heavily wounded.
You constrict the orc knight. The orc knight barely misses you.
Aiming: Charm
Press: ? - help, Shift-Dir - straight line, f/p - orc knight
Aim: an orc knight, wielding a +0 war axe and wearing a +0 scale mail (heavily wounded, constricted by you, chance to affect: 39%)
The orc knight resists with some effort.
You constrict the orc knight, but do no damage.
The orc knight roars a battlecry!
The orc warrior goes into a battle-frenzy!
You release your grip on the orc knight.
A kobold comes into view.
The orc knight hits you with a +0 war axe!!
Aiming: Charm
Press: ? - help, Shift-Dir - straight line, f/p - orc knight
Aim: an orc knight, wielding a +0 war axe and wearing a +0 scale mail (heavily wounded, chance to affect: 39%)
The orc knight resists with some effort.
The orc warrior closely misses you. The orc knight closely misses you.
Unknown command.
Aiming: Charm
Press: ? - help, Shift-Dir - straight line, f - orc warrior, p - orc knight
Aim: an orc warrior, wielding a +0 broad axe and wearing a +0 ring mail (strong, chance to affect: 57%)
The orc warrior resists with significant effort.
The orc warrior hits you with a +0 broad axe!!
You die...
Your body crumbles into a pile of gold.

## ##. #.#
#############.###########
####....$....(....)........##
##..........)#########.......#
##.........#)##.......######..##
#.....⌠....#.)#.@oK...#..# #...##
##.......###()#.)o....#..# #..(.#
###.....#.'..####)####..' #..≈≈≈
#..$...###..$(.))......###..≈≈≈
≈≈≈≈≈≈.....#..####)####..#..≈≈≈≈≈
≈≈≈≈≈≈≈~≈≈.####.......####≈≈$≈≈≈#
##....~≈≈≈≈≈≈K#.......#∩≈≈≈≈≈####
##......≈≈≈≈≈#########≈≈≈≈###
##.......≈≈≈≈≈≈≈≈≈≈≈≈≈≈###


You could see an orc knight, an orc warrior (strong) and a kobold.

Vanquished Creatures
  A water moccasin (D:5)
  Duvessa (D:6)
  5 orc warriors
  2 ice beasts
  An ogre (D:6)
  A centaur (D:7)
  A phantom (D:5)
  A kobold brigand (Sewer)
  An elf zombie (Ossuary)
  A scorpion (D:5)
  2 centaur zombies (Ossuary)
  A hound (D:7)
  2 orc priests
  A human zombie (Ossuary)
  6 iguanas
  3 orc wizards
  4 hound zombies (Ossuary)
  3 mummies (Ossuary)
  3 adders
  6 gnolls
  A river rat (D:4)
  2 ufetubi (D:5)
  2 worms
  3 dart slugs
  18 orcs
  8 endoplasms
  3 giant cockroaches
  A gnoll zombie (Ossuary)
  10 goblins
  10 hobgoblins
  6 jackals
  22 kobolds
  4 quokkas
  8 ball pythons
  10 bats
  4 frilled lizards
  3 goblin zombies (Ossuary)
  4 hobgoblin zombies (Ossuary)
  A jackal zombie (Ossuary)
  5 kobold zombies (Ossuary)
  2 orc zombies (Ossuary)
  6 quokka zombies (Ossuary)
  9 rats
  4 rat zombies (Ossuary)
192 creatures vanquished.

Vanquished Creatures (collateral kills)
  2 orc warriors (Bailey)
  Dowan (D:6)
  2 orcs
  3 kobolds (Sewer)
8 creatures vanquished.

Vanquished Creatures (others)
  An orc wizard (D:3)
  An adder (D:2)
  A goblin (D:2)
  7 fungi (D:5)
  A plant (Sewer)
11 creatures vanquished.

Grand Total: 211 creatures vanquished

Notes
Turn   | Place    | Note
-------+----------+-------------------------------------------
     0 | D:1      | H0rd4k the Octopode Artificer began the quest for the Orb.
     0 | D:1      | Reached XP level 1. HP: 13/13 MP: 1/1
   218 | D:1      | Reached XP level 2. HP: 7/18 MP: 2/2
   219 | D:1      | Found a faded altar of an unknown god.
   643 | D:1      | Reached skill level 1 in Spellcasting
   959 | D:1      | Reached XP level 3. HP: 16/24 MP: 4/4
  1503 | D:2      | Reached skill level 1 in Unarmed Combat
  1549 | D:2      | Noticed Ijyb
  2212 | D:2      | Noticed Robin
  2590 | D:3      | Reached XP level 4. HP: 30/30 MP: 6/6
  2687 | D:3      | Found a shadowy altar of Dithmenos.
  3369 | D:3      | Reached XP level 5. HP: 35/35 MP: 6/8
  4089 | D:4      | Found a glowing drain.
  4104 | Sewer    | Entered a sewer
  4470 | Sewer    | Noticed a kobold brigand
  4506 | Sewer    | Killed a kobold brigand
  4791 | D:4      | Reached XP level 6. HP: 39/42 MP: 9/9
  4858 | D:4      | Identified the +9 quarterstaff of Toysauhu {speed, Int+3}
  5138 | D:5      | Entered Level 5 of the Dungeon
  5138 | D:5      | Noticed a water moccasin
  5140 | D:5      | Killed a water moccasin
  5158 | D:5      | Reached skill level 1 in Staves
  5208 | D:5      | Reached XP level 7. HP: 40/47 MP: 9/11
  5431 | D:5      | Found a basalt altar of Yredelemnul.
  5572 | D:5      | Reached skill level 5 in Unarmed Combat
  5743 | D:5      | Found a runed translucent door.
  5801 | D:5      | Noticed yodak's ghost (novice MiBe)
  6516 | D:6      | Found a shimmering altar of Xom.
  6862 | D:6      | Found Rawacw's Antique Weapon Shop.
  7044 | D:6      | Noticed Duvessa
  7144 | D:6      | Reached XP level 8. HP: 39/54 MP: 7/13
  7417 | D:6      | Found a staircase to the Ecumenical Temple.
  7420 | D:6      | Noticed Dowan
  7427 | D:6      | Killed Dowan
  7441 | D:6      | Killed Duvessa
  7442 | D:6      | Reached skill level 5 in Fighting
  7455 | Temple   | Entered the Ecumenical Temple
  7530 | Temple   | Became a worshipper of Gozag Ym Sagoz the Greedy
  7621 | D:7      | Found a sand-covered staircase.
  7627 | Ossuary  | Entered an ossuary
  7730 | Ossuary  | Reached skill level 5 in Staves
  8218 | D:7      | Found a flagged portal.
  8224 | Bailey   | Entered a bailey
  8231 | Bailey   | Noticed an orc knight
  8272 | Bailey   | Reached XP level 9. HP: 6/62 MP: 1/15
  8766 | Bailey   | Slain by an orc warrior

Illustrated notes

Levels and vault maps discovered:
D:1:      dpeg_arrival_simpleton_c, layout_loops_ring,
          ebering_ecumenical_altar_webs, supply_closet_lemuel,
          chequers_hall_statues_y
D:2:      kennysheep_the_goblin_king, layout_basic, nicolae_figureground_pulse,
          uniq_robin, uniq_natasha
D:3:      layout_basic, nicolae_dithmenos_through_a_glass_darkly,
          minmay_pentomino_pile
D:4:      layout_loops_ring, portal_sewer_entry_e, kennysheep_dice
D:5:      layout_basic, general_overflow_altar, serial_aquarium,
          aquarium_bridge_long_separate [aquarium_subvault_bridge,
          aquarium_subvault_wall, aquarium_subvault_bridge,
          aquarium_subvault_bridge, aquarium_subvault_bridge,
          aquarium_subvault_bridge], aquarium_window_fake, aquarium_window_1,
          aquarium_window_fake, aquarium_view_2e, aquarium_balcony_double_2,
          aquarium_pool_2, ebering_ghost_sewer_d
D:6:      layout_loops_cross, nicolae_overflow_crystal_walls,
          minmay_temple_entry_antechambers, serial_shops, kennysheep_mini,
          moated_statue, uniq_duvessa
D:7:      layout_cave_pools, grunt_temple_overflow_open, lightli_temple_of_fire,
          enter_bailey_2, nicolae_ossuary_entry_plus, grunt_decor_resistance,
          kb_lookout_dungeons_type
Temple:   nicolae_temple_superstar
Bailey:   bailey_axe_4, bailey

Skill      XL: |  1  2  3  4  5  6  7  8  9 |
---------------+----------------------------+-----
Spellcasting   | 1 2 3 4 |  4.7
Fighting       | 2 3 4 5 6 |  6.1
Unarmed Combat | 1 2 3 4 5 |  5.2
Staves         | 1 3 6 |  6.8
Throwing       | |  0.5
Dodging        | |  2.3
Stealth        | |  1.3
Evocations     | |  3.2

Action                   |  1- 3 |  4- 6 |  7- 9 || total
-------------------------+-------+-------+-------++-------
Melee: Unarmed           |   106 |   108 |       ||   214
       Constrict         |    29 |    29 |    45 ||   103
       Tentacles         |    22 |    23 |    36 ||    81
       Punch             |       |     4 |     7 ||    11
       Quarterstaff      |       |    20 |   196 ||   216
Throw: Dart              |       |       |     3 ||     3
Evoke: Wand              |     5 |    18 |    14 ||    37
 Stab: Sleeping          |     6 |    15 |     1 ||    22
Armor: Skin              |    15 |     8 |    11 ||    34
Dodge: Dodged            |    88 |    67 |    93 ||   248
